 Dungeon Crawl Stone Soup version 0.22.0-18-ge075c0d (webtiles) character file.

65 Aviak the Magician (level 4, 0/32 HPs)
             Began as a Gnoll Wizard on Aug 18, 2018.
             Slain by Grinder (5 damage)
             ... on level 3 of the Dungeon.
             The game lasted 00:04:27 (2008 turns).

Aviak the Magician (Gnoll Wizard)                   Turns: 2008, Time: 00:04:28

Health: 0/32       AC:  4    Str:  8 (10) XL:     4   Next: 13%
Magic:  0/13       EV: 12    Int: 19 (21) God:
Gold:   58         SH:  3    Dex: 12 (13) Spells: 6/17 levels left

rFire    . . .     SeeInvis .   n - +0 short sword
rCold    . . .     Gourm    .   j - +0 buckler
rNeg     . . .     Faith    .   i - +0 leather armour
rPois    .         Spirit   .   b - +0 hat
rElec    .         Reflect  .   c - +0 cloak
rCorr    .         Harm     .   (no gloves)
MR       .....                  (no boots)
Stlth    ++........             (no amulet)
HPRegen  0.10/turn              (no ring)
MPRegen  0.13/turn              (no ring)

@: hasted, very quick
A: distributed training, fangs 1, strong nose
a: no special abilities


You were on level 3 of the Dungeon.
You were not hungry.

You visited 1 branch of the dungeon, and saw 3 of its levels.

You collected 58 gold pieces.

Inventory:

Hand Weapons
 n - a +0 short sword (weapon)
Armour
 a - a +0 robe
 b - a +0 hat (worn)
 c - a +0 cloak (worn)
 i - a +0 leather armour (worn)
 j - a +0 buckler (worn)
Scrolls
 e - a scroll of remove curse {unknown}
 h - 3 scrolls of identify {unknown}
 m - a scroll of noise {unknown}
 q - a scroll of amnesia {unknown}
 r - a scroll of teleportation {unknown}
Potions
 f - a potion of haste
 g - a potion of flight {unknown}
 k - 2 potions of degeneration {!q!q}
 l - a potion of berserk rage {unknown}
 o - a potion of invisibility {unknown}
Comestibles
 d - 6 rations


   Skills:
 + Level 1.0 Fighting
 + Level 1.0 Short Blades
 + Level 1.0 Long Blades
 + Level 1.0 Axes
 + Level 1.0 Maces & Flails
 + Level 1.0 Polearms
 + Level 1.0 Staves
 + Level 1.0 Slings
 + Level 1.0 Bows
 + Level 1.0 Crossbows
 + Level 1.0 Throwing
 + Level 1.0 Armour
 + Level 4.6 Dodging
 + Level 4.2 Stealth
 + Level 1.0 Shields
 + Level 1.0 Unarmed Combat
 + Level 7.2 Spellcasting
 + Level 2.2 Conjurations
 + Level 0.7 Hexes
 + Level 0.7 Charms
 + Level 2.2 Summonings
 + Level 0.7 Necromancy
 + Level 2.2 Translocations
 + Level 0.7 Transmutations
 + Level 0.7 Fire Magic
 + Level 0.7 Ice Magic
 + Level 0.7 Air Magic
 + Level 0.7 Earth Magic
 + Level 0.7 Poison Magic
 + Level 1.1 Invocations
 + Level 1.0 Evocations


You had 6 spell levels left.
You knew the following spells:

 Your Spells              Type           Power        Failure   Level  Hunger
a - Magic Dart            Conj           ###.         9%          1    None
b - Call Imp              Summ           ###.....     13%         2    None
c - Mephitic Cloud        Conj/Pois/Air  ##......     36%         3    #......
d - Conjure Flame         Conj/Fire      ##......     34%         3    #......
y - Blink                 Tloc           N/A          13%         2    None

Your spell library contained the following spells:

 Spells                   Type           Power        Failure   Level  Hunger
 Slow                     Hex            #.......     24%         2    None


Dungeon Overview and Level Annotations

Branches:
Dungeon (3/15)

Altars:
Cheibriados
Hepliaklqana
Ru

Annotations:
D:3 Grinder


Innate Abilities, Weirdness & Mutations

Your experience applies equally to all skills.
You have very sharp teeth.
Your uncanny sense of smell can sniff out nearby items.


Message History

You now have 0/13 mp.
You aren't carrying any items that you can evoke.
It was a potion of degeneration.
There was something very wrong with that liquid.
You feel weakened.
You feel dopey.
You feel clumsy. Something barely misses your iron imp.
Something hits your iron imp but does no damage.
It was a potion of haste.
You feel yourself speed up.
f - a potion of haste;
n - a +0 short sword (weapon)
Something hits your iron imp but does no damage.
Your crimson imp blinks!
Grinder hits you!
You writhe in agony.
* * * LOW HITPOINT WARNING * * *
You take 14 damage, and have 5/32 hp.
MASSIVE DAMAGE!!
Unknown command.
Unknown command.
You hit Grinder but do no damage.
Grinder is severely wounded.
Something hits your iron imp. Grinder hits you.
You die...

#.# ##.. #.# ... #.#
####.. #.# #..... #.#
#.##.. #.# #.##.. #.#
#.##..
#.############.###.##.#
#...55@5{.............#
###############.##.####
########.##.# #
#.....##.##.####
#.###.##.##..... # #.#
#.##.####### #.# #.#
#)##.####### #.# #.#
#.##........ #.# #.#
#.##########


You could see Grinder, a friendly iron imp and a friendly crimson imp.

Vanquished Creatures
  2 adders (D:2)
  A worm (D:2)
  A leopard gecko (D:2)
  2 giant cockroaches
  2 goblins
  10 hobgoblins
  3 jackals (D:2)
  4 kobolds
  2 quokkas (D:2)
  6 bats
  4 rats
37 creatures vanquished.

Vanquished Creatures (collateral kills)
  A worm (D:3)
  A hobgoblin (D:2)
2 creatures vanquished.

Grand Total: 39 creatures vanquished

Notes
Turn   | Place    | Note
-------+----------+-------------------------------------------
     0 | D:1      | Aviak the Gnoll Wizard began the quest for the Orb.
     0 | D:1      | Reached XP level 1. HP: 13/13 MP: 8/8
    80 | D:1      | Reached XP level 2. HP: 19/19 MP: 10/10
   612 | D:2      | Reached XP level 3. HP: 25/25 MP: 9/11
   670 | D:2      | Found a sacrificial altar of Ru.
  1277 | D:2      | Reached skill level 1 in Invocations
  1288 | D:2      | Learned a level 2 spell: Blink
  1291 | D:2      | Learned a level 2 spell: Call Imp
  1295 | D:2      | Learned a level 3 spell: Conjure Flame
  1299 | D:2      | Learned a level 3 spell: Mephitic Cloud
  1371 | D:2      | Found a hazy altar of Hepliaklqana.
  1559 | D:2      | Reached skill level 1 in Fighting
  1559 | D:2      | Reached skill level 1 in Short Blades
  1559 | D:2      | Reached skill level 1 in Long Blades
  1559 | D:2      | Reached skill level 1 in Axes
  1559 | D:2      | Reached skill level 1 in Maces & Flails
  1559 | D:2      | Reached skill level 1 in Polearms
  1559 | D:2      | Reached skill level 1 in Staves
  1559 | D:2      | Reached skill level 1 in Slings
  1559 | D:2      | Reached skill level 1 in Bows
  1559 | D:2      | Reached skill level 1 in Crossbows
  1559 | D:2      | Reached skill level 1 in Throwing
  1559 | D:2      | Reached skill level 1 in Armour
  1559 | D:2      | Reached skill level 1 in Shields
  1559 | D:2      | Reached skill level 1 in Unarmed Combat
  1559 | D:2      | Reached skill level 1 in Evocations
  1559 | D:2      | Reached XP level 4. HP: 30/32 MP: 10/13
  1624 | D:2      | Found a snail-covered altar of Cheibriados.
  1933 | D:3      | Noticed Grinder
  1967 | D:3      | Paralysed by Grinder for 6 turns
  2008 | D:3      | Slain by Grinder

Skill      XL: |  1  2  3 |
---------------+----------+-----
Conjurations   | 2 |  2.2
Summonings     | 2 |  2.2
Translocations | 2 |  2.2
Invocations    | 1 |  1.1
Fighting       | 1 |  1.0
Short Blades   | 1 |  1.0
Long Blades    | 1 |  1.0
Axes           | 1 |  1.0
Maces & Flails | 1 |  1.0
Polearms       | 1 |  1.0
Staves         | 1 |  1.0
Slings         | 1 |  1.0
Bows           | 1 |  1.0
Crossbows      | 1 |  1.0
Throwing       | 1 |  1.0
Armour         | 1 |  1.0
Shields        | 1 |  1.0
Unarmed Combat | 1 |  1.0
Evocations     | 1 |  1.0
Dodging        | |  4.6
Stealth        | |  4.2
Spellcasting   | |  7.2
Hexes          | |  0.7
Charms         | |  0.7
Necromancy     | |  0.7
Transmutations | |  0.7
Fire Magic     | |  0.7
Ice Magic      | |  0.7
Air Magic      | |  0.7
Earth Magic    | |  0.7
Poison Magic   | |  0.7

Action                   |  1- 3 |  4- 6 || total
-------------------------+-------+-------++-------
Melee: Short sword       |    73 |    20 ||    93
       Bite              |     6 |     2 ||     8
 Cast: Magic Dart        |    35 |     4 ||    39
       Call Imp          |     2 |    11 ||    13
  Use: Potion            |       |     2 ||     2
 Stab: Sleeping          |     4 |       ||     4
  Eat: Chunk             |     2 |     1 ||     3
Armor: Robe              |     2 |       ||     2
       Leather armour    |    16 |     6 ||    22
Dodge: Dodged            |    74 |    10 ||    84
Block: Buckler           |    11 |       ||    11
